 Dungeon Crawl Stone Soup version 0.26-a0-1126-g3318b609a0 (webtiles) character file.

Game seed: 16027238488130123636

1059 kreisler the Vexing (level 8, 0/60 HPs)
             Began as a Gnoll Arcane Marksman on Nov 17, 2020.
             Slain by Pikel
             ... wielding a +2 whip of flaming
              (1 damage)
             ... on level 5 of the Dungeon on Dec 17, 2020.
             The game lasted 00:41:04 (9231 turns).

kreisler the Vexing (Gnoll Arcane Marksman)         Turns: 9231, Time: 00:41:05

Health: 0/60       AC: 13    Str: 13    XL:     8   Next: 27%
Magic:  14/14      EV: 18    Int: 17    God:
Gold:   208        SH:  0    Dex: 16    Spells: 14/15 levels left

rFire    . . .     SeeInvis +   o - +0 quarterstaff
rCold    . . .     Faith    .   (shield currently unavailable)
rNeg     . . .     Spirit   .   k - +0 ring mail
rPois    .         Reflect  .   (no helmet)
rElec    .         Harm     .   b - +2 cloak of the Thief {*Fog Slay-2 SInv Stlth+}
rCorr    .         Rampage  .   (no gloves)
Will     .....                  l - +0 pair of boots
Stlth    +++.......             (no amulet)
HPRegen  0.20/turn              c - +4 ring of evasion
MPRegen  0.14/turn              q - +4 ring of protection

@: no status effects
A: distributed training, fangs 1, strong nose
a: no special abilities


You were on level 5 of the Dungeon.
You visited 1 branch of the dungeon, and saw 5 of its levels.

You collected 208 gold pieces.

Inventory:

Hand Weapons
 a - a +1 shortbow
 f - a +0 dagger
 g - a +0 short sword
 o - a +0 quarterstaff (weapon)
 t - a +0 shortbow of flaming
Missiles
 d - 69 arrows
Armour
 b - the +2 cloak of the Thief (worn) {*Fog Slay-2 SInv Stlth+}
   (You found it on level 4 of the Dungeon)

   It affects your accuracy and damage with ranged weapons and melee attacks
   (-2).
   It lets you see invisible.
   It makes you more stealthy.
 e - a +0 robe
 j - a +0 helmet
 k - a +0 ring mail (worn)
 l - a +0 pair of boots (worn)
Jewellery
 c - a +4 ring of evasion (left hand)
 h - an uncursed ring of stealth
 i - an uncursed ring of teleportation
 q - a +4 ring of protection (right hand)
 v - an uncursed ring of magical power
Wands
 r - a wand of polymorph (5) (quivered)
Scrolls
 m - 4 scrolls of identify
 n - 2 scrolls of remove curse
 p - a scroll of enchant armour {unknown}
Potions
 s - a potion of brilliance


   Skills:
 + Level 4.1 Fighting
 + Level 3.1 Short Blades
 + Level 3.1 Long Blades
 + Level 3.1 Axes
 + Level 3.1 Maces & Flails
 + Level 3.1 Polearms
 + Level 3.1 Staves
 + Level 3.1 Slings
 + Level 5.6 Bows
 + Level 3.1 Crossbows
 + Level 3.1 Throwing
 + Level 3.1 Armour
 + Level 5.6 Dodging
 + Level 3.1 Stealth
 + Level 3.1 Shields
 + Level 3.1 Unarmed Combat
 + Level 4.2 Spellcasting
 + Level 2.5 Conjurations
 + Level 6.0 Hexes
 + Level 2.5 Summonings
 + Level 2.5 Necromancy
 + Level 2.5 Translocations
 + Level 2.5 Transmutations
 + Level 2.5 Fire Magic
 + Level 2.5 Ice Magic
 + Level 2.5 Air Magic
 + Level 2.5 Earth Magic
 + Level 2.5 Poison Magic
 + Level 3.4 Invocations
 + Level 3.1 Evocations


You had 14 spell levels left.
You knew the following spells:

 Your Spells              Type           Power        Failure   Level
a - Corona                Hex            26%          2%          1

Your spell library contained the following spells:

 Spells                   Type           Power        Failure   Level
 Slow                     Hex            24%          4%          2
 Inner Flame              Hex/Fire       18%          16%         3
 Portal Projectile        Hex/Tloc       36%          16%         3
 Cause Fear               Hex            12%          26%         4
 Leda's Liquefaction      Hex/Erth       9%           47%         4


Dungeon Overview and Level Annotations

Branches:
Dungeon (5/15)
 Temple: D:4-7

Altars:
Gozag

Shops:
D:2 *   D:4 =

Portals:
Abyss: D:4

Annotations:
D:4 2 transporters, dduke's ghost, novice BaFi
D:5 Pikel


Innate Abilities, Weirdness & Mutations

Your experience applies equally to all skills.
You have very sharp teeth.
Your uncanny sense of smell can sniff out nearby items.


Message History

With a swish of your cloak, you release a cloud of fog.
Pikel burns you.
* * * LOW HITPOINT WARNING * * *
The lemure hits you but does no damage.
Your +0 shortbow of flaming stops flaming.
o - a +0 quarterstaff (weapon)
The lemure completely misses you.
You hit the lemure but do no damage.
The lemure is moderately wounded.
You closely miss Pikel.
Pikel is lightly wounded.
The lemure completely misses you.
Pikel says, "I touched Geryon's horn once."
Pikel hits you but does no damage. The lemure closely misses you.
You closely miss the lemure.
The lemure is moderately wounded.
Pikel hits you with a +2 whip of flaming.
* * * LOW HITPOINT WARNING * * *
Pikel burns you.
You die...

....# .^..(..# ###+#..
......###### .......
#.......(... .......
+........... .......
#..........) .........#
#§§§§§......
.........#####.555§......
##......##..####K###.....
.#......#.....§5@§§# K.5
.#......#.....§§§§§# .
.#......#..........#
.#......#..........+
.#.†....#..........#
'#......#'######+###
.######...........
......#...†.......
......#...........


You could see Pikel and 4 lemures.

Vanquished Creatures
  A warg (D:4)
  2 ogres
  A centaur (D:5)
  A big kobold (D:4)
  2 scorpions
  3 orc priests
  2 hounds (D:4)
  4 orc wizards
  2 iguanas
  A worker ant (D:4)
  4 gnolls (D:2)
  6 adders
  An ufetubus (D:5)
  An adder skeleton (D:4)
  4 worms
  3 dart slugs
  5 leopard geckos
  10 orcs
  4 giant cockroaches
  4 goblins
  5 hobgoblins
  5 jackals
  5 kobolds
  A quokka (D:5)
  A ball python skeleton (D:4)
  8 bats
  5 frilled lizards
  5 rats
  2 bushes (D:3)
98 creatures vanquished.

Vanquished Creatures (others)
  6 plants (D:3)
6 creatures vanquished.

Grand Total: 104 creatures vanquished

Notes
Turn   | Place    | Note
-------+----------+-------------------------------------------
     0 | D:1      | kreisler the Gnoll Arcane Marksman began the quest for the
                  | Orb.
     0 | D:1      | Reached XP level 1. HP: 17/17 MP: 4/4
   115 | D:1      | Reached XP level 2. HP: 23/23 MP: 5/5
   415 | D:1      | Reached XP level 3. HP: 28/28 MP: 7/7
   613 | D:2      | Found an opulent altar of Gozag.
   615 | D:2      | Found Gozag's Platinum Reserve.
   673 | D:2      | Reached skill level 1 in Invocations
   875 | D:2      | Reached skill level 1 in Short Blades
   875 | D:2      | Reached skill level 1 in Long Blades
   875 | D:2      | Reached skill level 1 in Axes
   875 | D:2      | Reached skill level 1 in Maces & Flails
   875 | D:2      | Reached skill level 1 in Polearms
   875 | D:2      | Reached skill level 1 in Staves
   875 | D:2      | Reached skill level 1 in Slings
   875 | D:2      | Reached skill level 1 in Crossbows
   875 | D:2      | Reached skill level 1 in Throwing
   875 | D:2      | Reached skill level 1 in Armour
   875 | D:2      | Reached skill level 1 in Stealth
   875 | D:2      | Reached skill level 1 in Shields
   875 | D:2      | Reached skill level 1 in Unarmed Combat
   875 | D:2      | Reached skill level 1 in Evocations
   889 | D:2      | Reached XP level 4. HP: 30/34 MP: 8/8
  1008 | D:2      | Reached skill level 1 in Conjurations
  1008 | D:2      | Reached skill level 1 in Summonings
  1008 | D:2      | Reached skill level 1 in Necromancy
  1008 | D:2      | Reached skill level 1 in Translocations
  1008 | D:2      | Reached skill level 1 in Transmutations
  1008 | D:2      | Reached skill level 1 in Fire Magic
  1008 | D:2      | Reached skill level 1 in Ice Magic
  1008 | D:2      | Reached skill level 1 in Air Magic
  1008 | D:2      | Reached skill level 1 in Earth Magic
  1008 | D:2      | Reached skill level 1 in Poison Magic
  1446 | D:3      | Noticed an ogre
  1455 | D:3      | Killed an ogre
  1456 | D:3      | Reached XP level 5. HP: 41/41 MP: 7/9
  1949 | D:3      | Reached XP level 6. HP: 47/47 MP: 8/10
  7235 | D:4      | Reached skill level 5 in Bows
  7235 | D:4      | Reached skill level 5 in Dodging
  7245 | D:4      | HP: 2/47 [ogre/+0 giant club (16)]
  7251 | D:4      | Reached XP level 7. HP: 3/52 MP: 12/12
  7597 | D:4      | Found a transporter.
  7603 | D:4      | Found the +2 cloak of the Thief {*Fog Slay-2 SInv Stlth+}
  7609 | D:4      | Found a one-way gate to the infinite horrors of the Abyss.
  7609 | D:4      | Noticed dduke's ghost (novice BaFi)
  7857 | D:4      | Found a transporter.
  7928 | D:4      | Identified the +6 rapier "Hifesm" {distort, Stlth+}
  7936 | D:4      | Noticed a small abomination
  8180 | D:4      | Upgraded the game from 0.26-a0-835-g8259106e14 to
                  | 0.26-a0-1126-g3318b609a0
  8251 | D:4      | Found Hiteuh's Jewellery Shop.
  8253 | D:4      | Noticed a warg
  8253 | D:4      | an ogre changed into a warg
  8292 | D:4      | Killed a warg
  8598 | D:5      | Entered Level 5 of the Dungeon
  8758 | D:5      | Reached skill level 6 in Hexes
  8758 | D:5      | Reached XP level 8. HP: 60/60 MP: 14/14
  9196 | D:5      | Noticed Pikel
  9231 | D:5      | HP: 1/60 [Pikel/+2 whip of flaming (5)]
  9231 | D:5      | Slain by Pikel

Illustrated notes

Levels and vault maps discovered:
D:1:      ncdulo_smallfort, layout_rooms
D:2:      layout_loops_ring, nicolae_gozag_zags_fifth_avenue
D:3:      layout_loops_ring, serial_forest, infiniplex_forest_straight_1,
          infiniplex_forest_zigzag_1, infiniplex_forest_end_2,
          infiniplex_forest_lined_1, infiniplex_forest_straight_2,
          infiniplex_forest_clump_large, infiniplex_forest_clump_long,
          infiniplex_forest_clump_curved
D:4:      layout_gridville, gammafunk_ghost_abyssal_escape,
          ebering_dispersal_statue_hall, nrook_mini_vaults,
          kennysheep_windowed_goal
D:5:      layout_gridville, kennysheep_mini, grunt_temple_overflow_open,
          uniq_ijyb, uniq_pikel, uniq_blork_the_orc

Skill      XL: |  1  2  3  4  5  6  7  8 |
---------------+-------------------------+-----
Invocations    | 1 2 3 |  3.4
Short Blades   | 1 2 3 |  3.1
Long Blades    | 1 2 3 |  3.1
Axes           | 1 2 3 |  3.1
Maces & Flails | 1 2 3 |  3.1
Polearms       | 1 2 3 |  3.1
Staves         | 1 2 3 |  3.1
Slings         | 1 2 3 |  3.1
Crossbows      | 1 2 3 |  3.1
Throwing       | 1 2 3 |  3.1
Armour         | 1 2 3 |  3.1
Stealth        | 1 2 3 |  3.1
Shields        | 1 2 3 |  3.1
Unarmed Combat | 1 2 3 |  3.1
Evocations     | 1 2 3 |  3.1
Spellcasting   | 3 4 |  4.2
Conjurations   | 1 2 |  2.5
Summonings     | 1 2 |  2.5
Necromancy     | 1 2 |  2.5
Translocations | 1 2 |  2.5
Transmutations | 1 2 |  2.5
Fire Magic     | 1 2 |  2.5
Ice Magic      | 1 2 |  2.5
Air Magic      | 1 2 |  2.5
Earth Magic    | 1 2 |  2.5
Poison Magic   | 1 2 |  2.5
Fighting       | 3 4 |  4.1
Bows           | 5 |  5.6
Dodging        | 5 |  5.6
Hexes          | 6 |  6.0

Action                   |  1- 3 |  4- 6 |  7- 9 || total
-------------------------+-------+-------+-------++-------
Melee: Shortbow          |       |  4000 |       ||  4000
       Bite              |       |  1024 |    23 ||  1047
       Short sword       |       |   261 |       ||   261
       Punch             |       |    10 |       ||    10
       Quarterstaff      |       |     4 |   201 ||   205
 Fire: Shortbow          |   106 |   160 |    19 ||   285
 Cast: Corona            |     2 |    15 |    25 ||    42
Evoke: Wand              |       |       |     2 ||     2
  Use: Scroll            |     4 |     2 |     3 ||     9
       Potion            |     1 |     8 |     1 ||    10
 Stab: Sleeping          |       |       |     2 ||     2
Armor: Robe              |     1 |     4 |       ||     5
       Ring mail         |       |     3 |    84 ||    87
Dodge: Dodged            |    22 |    67 |   248 ||   337

Table legend: (Time is in decaauts)
 A = Elapsed time spent in this place.
 B = Non-inter-level travel time spent in this place.
 C = Inter-level travel time spent in this place.
 D = Time resting spent in this place.
 E = Time spent auto-exploring this place.
 F = Levels seen in this place.
 G = Mean time per level.
                   A        B        C        D        E       F      G
               +--------+--------+--------+--------+--------+-----+--------+
         Total |  11239 |  11233 |      6 |    926 |   2834 |   5 | 2247.8 |
       Dungeon |  11239 |  11233 |      6 |    926 |   2834 |   5 | 2247.8 |
               +--------+--------+--------+--------+--------+-----+--------+

Top non-repeatable levels by time:
     D:3: 7445 daAuts
     D:4: 1709 daAuts
     D:2: 840 daAuts
     D:5: 649 daAuts
     D:1: 594 daAuts
